 Dungeon Crawl Stone Soup version 0.27.1-33-g824d729ab1 (webtiles) character file.

Game seed: 9455621635572886304

1897 zeram the Covert (level 9, -2/54 HPs)
             Began as an Octopode Brigand on Dec 8, 2021.
             Was a Follower of Dithmenos.
             Slain by a bullfrog (5 damage)
             ... on level 6 of the Dungeon.
             The game lasted 00:11:11 (8092 turns).

zeram the Covert (Octopode Brigand)                 Turns: 8092, Time: 00:11:12

Health: -2/54      AC:  1    Str: 10    XL:     9   Next: 15%
Magic:  0/9        EV: 15    Int: 16    God:    Dithmenos [*.....]
Gold:   168        SH:  0    Dex: 14    Spells: 5/8 levels left

rFire    . . .     SeeInvis .   i - +3 dagger (speed)
rCold    . . .     Faith    .   (no shield)
rNeg     . . .     Spirit   +   (helmet restricted)
rPois    .         Reflect  .   d - amulet of guardian spirit
rElec    .         Harm     .   (no ring)
rCorr    .         Rampage  .   (no ring)
Will     .....                  (no ring)
Stlth    +++++++++.             (no ring)
HPRegen  0.18/turn              (no ring)
MPRegen  0.11/turn              (no ring)
                                (no ring)
                                (no ring)

@: flying, wreathed by umbra
A: almost no armour, amphibious, 8 rings, camouflage 1, gelatinous body 1,
nimble swimmer 1, tentacles
a: Renounce Religion


You were on level 6 of the Dungeon.
You worshipped Dithmenos.
Dithmenos was aware of your devotion.
You visited 1 branch of the dungeon, and saw 6 of its levels.

You collected 168 gold pieces.

Inventory:

Hand Weapons
 a - a +2 dagger
 f - a +3 spectral club
 i - a +3 dagger of speed (weapon)
Missiles
 b - 10 poisoned darts (quivered)
 c - 2 curare-tipped darts
Jewellery
 d - an amulet of guardian spirit (around mantle)
 e - an amulet of faith
 l - an amulet of magic regeneration
Wands
 g - a wand of iceblast (3)
 m - a wand of flame (10)
Scrolls
 n - 2 scrolls of magic mapping
Potions
 j - a potion of magic
 k - a potion of attraction
 p - a potion of cancellation


   Skills:
 - Level 2.0 Fighting
 - Level 2.0 Short Blades
 - Level 2.0 Throwing
 + Level 5.3 Dodging
 + Level 14.7 Stealth


You had 5 spell levels left.
You knew the following spells:

 Your Spells              Type           Power      Damage    Failure   Level
a - Ozocubu's Armour      Ice            0%         N/A       58%         3

Your spell library contained the following spells:

 Spells                   Type           Power      Damage    Failure   Level
 Animate Skeleton         Necr           0%         N/A       26%         1
 Animate Dead             Necr           0%         N/A       94%         4
 Metabolic Englaciation   Hex/Ice        0%         N/A       100%        5
 Simulacrum               Ice/Necr       0%         N/A       100%        6
 Malign Gateway           Summ/Tloc      0%         N/A       100%        7
 Borgnjor's Revivificati  Necr           0%         N/A       100%        8


Dungeon Overview and Level Annotations

Branches:
Dungeon (6/15)             Temple (0/1) D:5

Altars:
Dithmenos
Kikubaaqudgha
Okawaru
Sif Muna
Vehumet
The Shining One


Innate Abilities, Weirdness & Mutations

You cannot wear most types of armour.
You are amphibious.
You can wear up to eight rings at the same time.
Your skin changes colour to match your surroundings (Stealth+).
Your rubbery body absorbs attacks. (AC +1, EV +1)
You are camouflaged near water. (Stealth+)
You have tentacles for arms and can constrict up to eight enemies at once.


Message History

The electric eel shoots out a bolt of lightning at you!
The bolt of electricity hits you!
* * * LOW HITPOINT WARNING * * *
The bullfrog closely misses you.
You hit the electric eel.
You kill the electric eel!
Dithmenos accepts your kill.
You hear a splash.
The bullfrog barely misses you.
You hit the electric eel but do no damage.
You grab the electric eel. You constrict the electric eel.
You hit the electric eel.
The electric eel is lightly wounded.
You constrict the electric eel. The bullfrog completely misses you.
You hit the electric eel. You squeeze the electric eel!
The electric eel is almost dead.
You constrict the electric eel.
You kill the electric eel!
Dithmenos accepts your kill.
You hear a splash.
The bullfrog closely misses you.
You closely miss the bullfrog. Your grab misses the bullfrog.
The bullfrog hits you.
* * * LOW HITPOINT WARNING * * *
You closely miss the bullfrog. Your grab misses the bullfrog.
The bullfrog misses you.
You barely miss the bullfrog. You grab the bullfrog.
You constrict the bullfrog. The bullfrog closely misses you.
You hit the bullfrog. You squeeze the bullfrog.
The bullfrog is moderately wounded.
You constrict the bullfrog. The bullfrog barely misses you.
You hit the bullfrog but do no damage. You squeeze the bullfrog!
The bullfrog is severely wounded.
You constrict the bullfrog. The bullfrog hits you!
* * * LOW HITPOINT WARNING * * *
Okay, then.
You hit the bullfrog but do no damage.
The bullfrog is almost dead.
You constrict the bullfrog. The bullfrog hits you.
You die...

##≈≈≈≈≈≈#
#≈≈≈≈≈≈≈##
##≈≈≈≈≈≈≈≈#
#≈≈≈≈≈≈≈≈≈#
#≈≈≈≈≈≈≈≈≈#
#≈≈≈≈≈≈≈≈##
≈≈≈≈≈≈≈≈≈#
≈≈≈≈≈≈≈≈≈#
≈≈≈≈≈≈≈@≈#
≈≈≈≈≈≈††F#
≈≈≈≈≈≈≈≈≈≈≈
≈≈≈≈≈≈≈≈≈≈≈≈≈
≈.≈..≈≈≈≈≈≈≈≈..
...............
...............
##.#.#.##.#####


You could see a bullfrog.

Vanquished Creatures
  Menkaure (D:4)
  3 black bears
  A sky beast (D:5)
  A phantom (D:6)
  A kobold brigand (D:4)
  A scorpion (D:5)
  A jelly (D:4)
  5 wights (D:6)
  5 electric eels (D:6)
  2 centaur zombies
  2 bullfrog zombies (D:5)
  A bullfrog skeleton (D:5)
  3 orc priests
  3 hounds
  A gnoll shaman (D:6)
  An iguana (D:6)
  Ijyb (D:4)
  A scorpion zombie (D:4)
  5 orc wizards
  A hound skeleton (D:4)
  A howler monkey zombie (D:4)
  2 gnolls
  3 adders
  3 ufetubi
  An adder skeleton (D:4)
  An adder zombie (D:4)
  2 worms
  3 dart slugs
  10 orcs
  4 ball pythons
  9 bats
  5 endoplasms
  A giant cockroach (D:4)
  13 goblins
  12 hobgoblins
  9 jackals
  7 kobolds
  A quokka (D:1)
  3 frilled lizards
  4 rats
134 creatures vanquished.

Vanquished Creatures (collateral kills)
  5 gnolls (D:6)
  An adder (D:6)
6 creatures vanquished.

Vanquished Creatures (others)
  A centaur skeleton (D:2)
  A plant (D:6)
  2 withered plants (D:4)
4 creatures vanquished.

Grand Total: 144 creatures vanquished

Notes
Turn   | Place    | Note
-------+----------+-------------------------------------------
     0 | D:1      | zeram the Octopode Brigand began the quest for the Orb.
     0 | D:1      | Reached XP level 1. HP: 14/14 MP: 1/1
   381 | D:1      | Reached XP level 2. HP: 19/19 MP: 2/2
   386 | D:1      | Reached skill level 6 in Stealth
   616 | D:1      | Reached XP level 3. HP: 24/24 MP: 3/3
   995 | D:1      | Reached skill level 7 in Stealth
  1848 | D:3      | Reached XP level 4. HP: 29/29 MP: 4/4
  2509 | D:3      | Found an iron altar of Okawaru.
  2545 | D:3      | Reached skill level 8 in Stealth
  2608 | D:3      | Reached XP level 5. HP: 29/34 MP: 5/5
  2756 | D:3      | Reached skill level 9 in Stealth
  2851 | D:3      | Found a faded altar of an unknown god.
  2969 | D:4      | Noticed Menkaure
  2970 | D:4      | Killed Menkaure
  2971 | D:4      | Reached XP level 6. HP: 39/39 MP: 6/6
  2987 | D:4      | Reached skill level 10 in Stealth
  3248 | D:4      | Found a radiant altar of Vehumet.
  3350 | D:4      | Found a shimmering blue altar of Sif Muna.
  4049 | D:4      | Noticed a black bear
  4052 | D:4      | Killed a black bear
  4053 | D:4      | Reached skill level 11 in Stealth
  4053 | D:4      | Reached XP level 7. HP: 45/45 MP: 7/7
  4057 | D:4      | Learned a level 3 spell: Ozocubu's Armour
  4138 | D:4      | Got the Disquisition on Sinister Magic and the Compass
  4786 | D:4      | Noticed Ijyb
  4804 | D:4      | Killed Ijyb
  4965 | D:4      | Found a shadowy altar of Dithmenos.
  4982 | D:4      | Became a worshipper of Dithmenos the Shadowed
  5054 | D:4      | Reached skill level 12 in Stealth
  5079 | D:5      | Entered Level 5 of the Dungeon
  5338 | D:5      | Reached XP level 8. HP: 49/50 MP: 8/8
  5632 | D:5      | Found a glowing golden altar of the Shining One.
  5923 | D:5      | Reached skill level 13 in Stealth
  6523 | D:5      | Found a staircase to the Ecumenical Temple.
  6905 | D:6      | Found an ancient bone altar of Kikubaaqudgha.
  6936 | D:6      | Reached * piety under Dithmenos
  6942 | D:6      | Reached skill level 14 in Stealth
  7193 | D:6      | Reached XP level 9. HP: 11/52 MP: 3/9
  7545 | D:6      | Reached skill level 5 in Dodging
  8092 | D:6      | Slain by a bullfrog

Illustrated notes

Levels and vault maps discovered:
D:1:      dpeg_arrival_morbid_curiosity, layout_basic,
          chequers_decorated_corner, palyth_stone_intersect
D:2:      layout_loops_cross, lemuel_flame_loot_1
D:3:      layout_basic, lemuel_tele_altar, ebering_ecumenical_altar_box,
          st_stairs_5, grunt_decor_arrowhead
D:4:      minmay_wonky_spiral, layout_loops_corners, lemuel_blue_sif_altar,
          nicolae_dithmenos_through_a_glass_darkly, vehumet_altar_wand_db,
          serial_undead, serial_undead_b, serial_undead_e, serial_undead_c,
          serial_undead_e, minmay_stone_trees_small, uniq_ijyb, uniq_menkaure
D:5:      layout_basic, kennysheep_little_box, lemuel_temple_firewalk_b,
          kennysheep_generic_room_12
D:6:      minmay_goblin_kobold_castle, layout_gridville,
          mainiacjoe_overflow_concentric_impassable,
          nicolae_qazlal_style_of_elements, grunt_ministairs_15,
          chequers_serial_rivers_small_3, serial_bayou_pond_a

Skill      XL: |  1  2  3  4  5  6  7  8  9 |
---------------+----------------------------+-----
Stealth        | 6 7 8 9 11 12 14 | 14.7
Dodging        | 2 3 4 5 |  5.3
Fighting       | |  2.0
Short Blades   | |  2.0
Throwing       | |  2.0

Action                   |  1- 3 |  4- 6 |  7- 9 || total
-------------------------+-------+-------+-------++-------
Melee: Dagger            |    61 |   108 |   207 ||   376
       Constrict         |    10 |    25 |    35 ||    70
       Tentacles         |     6 |    22 |    47 ||    75
  Use: Scroll            |     6 |     2 |    11 ||    19
       Potion            |       |     1 |     5 ||     6
 Stab: Sleeping          |    24 |    11 |    16 ||    51
       Distracted        |       |     1 |       ||     1
Armor: Skin              |     7 |     8 |     2 ||    17
Dodge: Dodged            |    27 |    44 |   125 ||   196
